 Dungeon Crawl Stone Soup version 0.31-a0-818-ge7c7cf74f0 (webtiles) character file.

Game seed: 14816673326193868545

1204 randomguy2701 the Geomancer (level 8, 0/42 HPs)
             Began as a Gargoyle Earth Elementalist on Sept 22, 2023.
             Slain by an orc warrior
             ... wielding a +0 long sword
              (7 damage)
             ... on level 6 of the Dungeon.
             The game lasted 00:09:15 (4428 turns).

randomguy2701 the Geomancer (GrEE)                  Turns: 4428, Time: 00:09:16

Health: 0/42       AC:  8    Str: 11    XL:     8   Next: 45%
Magic:  16/16      EV: 12    Int: 23    God:
Gold:   154        SH:  0    Dex: 10    Spells: 13/18 levels left

rFire   . . .        z - +9 whip "Zyhoih" {heavy, Int+4}
rCold   . . .        (no shield)
rNeg    + . .        a - +0 robe
rPois   ∞            (no helmet)
rElec   +            (no cloak)
rCorr   .            h - +0 pair of gloves
SInv    .            (no boots)
Will    .....        m - amulet of magic regeneration
Stlth   ++           (no ring)
HPRegen 0.27/turn    (no ring)
MPRegen 0.55/turn

%: no passive effects
@: no status effects
A: sickness immunity, AC +5, negative energy resistance 1, electricity
resistance, torment resistance 1, petrification resistance
a: no special abilities


You were on level 6 of the Dungeon.
You visited 1 branch of the dungeon, and saw 6 of its levels.

You collected 154 gold pieces.

Inventory:

Hand Weapons
 s - the +7 dagger of Mastery {pain, rN+}
   (You found it on level 3 of the Dungeon)

   rN+:       It protects you from negative energy.
 z - the +9 whip "Zyhoih" (weapon) {heavy, Int+4}
   (You found it on level 5 of the Dungeon)

   Int+4:     It affects your intelligence (+4).
Armour
 a - a +0 robe (worn)
 h - a +0 pair of gloves (worn)
 i - a +0 plate armour
Jewellery
 m - an amulet of magic regeneration (around neck)
 w - a +6 ring of dexterity
Wands
 p - a wand of roots (25)
 v - a wand of polymorph (12)
Scrolls
 c - a scroll of poison {unknown}
 e - 3 scrolls of identify {unknown}
 g - a scroll of vulnerability {unknown}
 o - 2 scrolls of amnesia {unknown}
 r - a scroll of noise {unknown}
 u - a scroll of revelation {unknown}
 x - a scroll of fear {unknown}
 y - 2 scrolls of silence {unknown}
Potions
 b - a potion of magic
 d - a potion of lignification {unknown}
 f - 3 potions of degeneration {unknown}
 j - a potion of heal wounds {unknown}
 k - 2 potions of curing {unknown}
 l - 2 potions of ambrosia {unknown}
 n - a potion of attraction {unknown}
 q - 2 potions of enlightenment {unknown}
 t - a potion of resistance {unknown}


   Skills:
 + Level 0.6 Fighting
 + Level 2.7 Dodging
 + Level 3.3 Stealth
 + Level 5.8 Spellcasting
 + Level 0.7 Transmutations
 + Level 9.0 Earth Magic


You had 13 spell levels left.
You knew the following spells:

 Your Spells              Type           Power      Damage    Failure   Level
a - Sandblast             Erth           96%        2d20      1%          1
b - Brom's Barrelling Bo  Conj/Erth      27%        2d5       14%         4

Your spell library contained the following spells:

 Spells                   Type           Power      Damage    Failure   Level
 Passwall                 Tmut/Erth      24%        N/A       1%          2
 Stone Arrow              Conj/Erth      54%        3d10      4%          3
 Freeze                   Ice            24%        1d4       9%          1
 Necrotise                Necr           24%        1d5       9%          1
 Petrify                  Tmut/Erth      29%        N/A       12%         4
 Frozen Ramparts          Ice            12%        1d2       26%         3
 Hailstorm                Conj/Ice       6%         3d4       26%         3
 Inner Flame              Hex/Fire       6%         N/A       26%         3
 Vampiric Draining        Necr           6%         2d6       26%         3
 Dispel Undead            Necr           6%         3d8       65%         4
 Yara's Violent Unravell  Hex/Tmut       4%         3d4       91%         5
 Agony                    Necr           6%         N/A       94%         5
 Death Channel            Necr           3%         N/A       100%        6
 Enfeeble                 Hex            3%         N/A       100%        7
 Cigotuvi's Dreadful Rot  Necr/Pois/Air  Unusable   N/A       N/A         2

Dungeon Overview and Level Annotations

Branches:
Dungeon (6/15)
 Temple: D:4-7

Altars:
Fedhas
Ru

Shops:
D:3 [

Annotations:
D:6 1 runed translucent door


Innate Abilities, Weirdness & Mutations

You are immune to sickness and miasma.
Your stone body is resilient. (AC +5)
You are immune to poison.
You resist negative energy. (rN+)
You are resistant to electric shocks. (rElec)
You are resistant to unholy torment.
You are immune to petrification.


Message History

The orc warrior barely misses you.
You are too injured to fight recklessly!
You are too injured to fight recklessly!
You are too injured to fight recklessly!
The orc warrior attacks as it pursues you!
The orc warrior hits you with a +0 long sword.
You see here a scorpion corpse.
The orc warrior attacks as it pursues you!
The orc warrior completely misses you.
The orc warrior attacks as it pursues you!
The orc warrior hits you with a +0 long sword.
There is a stone staircase leading up here.
Aiming: Fastroot
Press: ? - help, Q - select action, (/) - cycle Shift-Dir - straight line, f/p - orc warrior
Aim: an orc warrior, wielding a +0 long sword and wearing a +0 chain mail (lightly wounded)
Okay, then.
The orc warrior attacks as it pursues you!
The orc warrior hits you with a +0 long sword!
* * * LOW HITPOINT WARNING * * *
The orc warrior attacks as it pursues you!
The orc warrior completely misses you.
Aiming: Fastroot
Press: ? - help, Q - select action, (/) - cycle Shift-Dir - straight line, f/p - orc warrior
Aim: an orc warrior, wielding a +0 long sword and wearing a +0 chain mail (lightly wounded)
The roots erupt in riotous growth!
Roots grab the orc warrior.
The grasping roots constrict the orc warrior.
The orc warrior hits you but does no damage.
The grasping roots constrict the orc warrior.
The roots release their grip on the orc warrior.
Aiming: Fastroot
Press: ? - help, Q - select action, (/) - cycle Shift-Dir - straight line, p - orc warrior The roots erupt in riotous growth!
Roots grab the orc warrior.
The grasping roots constrict the orc warrior, but do no damage.
Unknown command.
The grasping roots constrict the orc warrior.
The roots release their grip on the orc warrior.
The orc warrior hits you with a +0 long sword!
You die...

....# . #.# .# #.# ##.8
.# #.# . ... ..# #.####
+# ..# ########.# #....#
p#. ..##........# #....#
##.. ).#.##.o.######....#
.....#.#.##@#......<....#
#...#.#..########....#
#.....†............+
#...#.########.#...#
####..# #.#...# #.##
#.##### ... ..# ##.## ###
#+#


You could see an orc warrior.

Vanquished Creatures
  2 black bears (D:5)
  A phantom (D:5)
  4 scorpions
  2 jellies
  A centaur zombie (D:3)
  A human zombie (D:6)
  An orc priest (D:3)
  3 iguanas
  Natasha (thrice) (D:3)
  Terence (D:2)
  A scorpion zombie (D:3)
  A sleepcap (D:5)
  4 orc wizards
  A hound skeleton (D:3)
  6 adders
  4 gnolls
  2 worms (D:2)
  4 dart slugs
  17 orcs
  7 bats
  4 endoplasms
  3 giant cockroaches
  12 hobgoblins
  11 jackals
  3 quokkas
  2 ball pythons
  A ball python skeleton (D:3)
  A ball python zombie (D:3)
  6 frilled lizards
  2 goblins
  A jackal zombie (D:3)
  9 kobolds
  6 rats
127 creatures vanquished.

Notes
Turn   | Place    | Note
-------+----------+-------------------------------------------
     0 | D:1      | randomguy2701 the Gargoyle Earth Elementalist began the
                  | quest for the Orb.
     0 | D:1      | Reached XP level 1. HP: 10/10 MP: 3/3
   161 | D:1      | Reached XP level 2. HP: 15/15 MP: 3/5
   220 | D:1      | Reached skill level 4 in Earth Magic
   483 | D:1      | Reached XP level 3. HP: 19/19 MP: 2/6
  1206 | D:2      | Noticed Terence
  1292 | D:2      | Killed Terence
  1293 | D:2      | Reached skill level 5 in Earth Magic
  1293 | D:2      | Reached XP level 4. HP: 14/24 MP: 3/8
  1802 | D:3      | Found a sacrificial altar of Ru.
  1848 | D:3      | Found Kumpu's Antique Armour Emporium.
  1929 | D:3      | Reached XP level 5. HP: 28/28 MP: 7/9
  1981 | D:3      | Reached skill level 6 in Earth Magic
  2193 | D:3      | Noticed Natasha
  2206 | D:3      | Killed Natasha
  2207 | D:3      | Reached XP level 6. HP: 30/32 MP: 5/11
  2361 | D:3      | Identified the +7 dagger of Mastery {pain, rN+}
  2505 | D:3      | Noticed Natasha
  2509 | D:3      | Killed Natasha
  2696 | D:3      | Noticed Natasha
  2698 | D:3      | Killed Natasha
  3017 | D:4      | Reached XP level 7. HP: 11/36 MP: 10/13
  3113 | D:4      | Found a blossoming altar of Fedhas.
  3450 | D:5      | Entered Level 5 of the Dungeon
  3455 | D:5      | Identified the +9 whip "Zyhoih" {heavy, Int+4}
  3479 | D:5      | Reached skill level 7 in Earth Magic
  3649 | D:5      | Reached skill level 5 in Spellcasting
  3774 | D:5      | Reached skill level 8 in Earth Magic
  3855 | D:5      | Reached XP level 8. HP: 42/42 MP: 13/15
  4267 | D:5      | Learned a level 4 spell: Brom's Barrelling Boulder
  4399 | D:6      | Found a runed translucent door.
  4403 | D:6      | Reached skill level 9 in Earth Magic
  4428 | D:6      | Slain by an orc warrior

Illustrated notes

Levels and vault maps discovered:
D:1:      saegor_arrival_miasma, layout_rooms, minmay_distorted
D:2:      layout_rooms, uniq_terence
D:3:      layout_loops_cross, nicolae_ru_awakened_eye, serial_shops,
          nicolae_shop_tiny_real_fake_doors, dilly_guarded_unrand_morg
D:4:      layout_rooms, mainiacjoe_overflow_small_starburst
D:5:      layout_gridville, nicolae_figureground_sparkle
D:6:      layout_basic, dk_yredelemnul_ordeal, mainiacjoe_overflow_big_doors,
          amethyst_killhole, roderic_batcave

Skill      XL: |  1  2  3  4  5  6  7  8 |
---------------+-------------------------+-----
Earth Magic    | 4 5 6 8 9 |  9.0
Spellcasting   | 3 4 5 |  5.8
Dodging        | 2 |  2.7
Stealth        | 3 |  3.3
Fighting       | |  0.6
Transmutations | |  0.7

Action                     |  1- 3 |  4- 6 |  7- 9 || total
---------------------------+-------+-------+-------++-------
  Melee: Dagger            |       |    17 |     8 ||    25
   Cast: Sandblast         |    64 |   111 |    58 ||   233
  Evoke: Wand              |       |       |     2 ||     2
 Armour: Robe              |    16 |   107 |    43 ||   166
  Dodge: Dodged            |    10 |    75 |    24 ||   109

Table legend: (Time is in decaauts)
 A = Elapsed time spent in this place.
 B = Non-inter-level travel time spent in this place.
 C = Inter-level travel time spent in this place.
 D = Time resting spent in this place.
 E = Time spent auto-exploring this place.
 F = Levels seen in this place.
 G = Mean time per level.
                   A        B        C        D        E       F      G
               +--------+--------+--------+--------+--------+-----+--------+
         Total |   4548 |   4171 |    377 |     34 |   3298 |   6 |  758.0 |
       Dungeon |   4548 |   4171 |    377 |     34 |   3298 |   6 |  758.0 |
               +--------+--------+--------+--------+--------+-----+--------+

Top non-repeatable levels by time:
     D:3: 1484 daAuts
     D:1: 842 daAuts
     D:5: 800 daAuts
     D:2: 703 daAuts
     D:4: 652 daAuts
     D:6: 65 daAuts
